 Dungeon Crawl Stone Soup version 0.30-b1-2-g02819fbbbe (webtiles) character file.

Game seed: 7304174674053137353

63557 MisterFreud the Unseen (level 14, 0/105 HPs)
             Began as a Felid Berserker on Aug 4, 2023.
             Was a High Priest of Trog.
             Slain by a demonic crawler (5 damage)
             ... on level 4 of the Spider Nest.
             The game lasted 01:00:02 (33032 turns).

MisterFreud the Unseen (Felid Berserker)           Turns: 33032, Time: 01:00:03

Health: 0/105      AC:  3    Str:  8    XL:     14   Next: 68%
Magic:  15/15      EV: 37    Int: 11    God:    Trog [*****.]
Gold:   2144       SH:  5    Dex: 24    Spells: 13/13 levels left
                                        Lives:  0   Deaths: 4

rFire   . .          .
                       - Unarmed
rCold   + + +        (shield unavailable)
rNeg    + . .        (body armour unavailable)
rPois   +            (helmet unavailable)
rElec   .            (cloak unavailable)
rCorr   +            (gloves unavailable)
SInv    +            (boots unavailable)
Will    ++...        f - amulet of reflection Stlth
                     a - ring of Twilight {+Blink rPois rC+ Int+3}
HPRegen 0.37/turn    M - ring of Law {rC++ rN+ rCorr Str-5 Stlth+}
MPRegen 0.14/turn

%: reflection
@: berserking, very quick
A: very small, claws 1, fangs 3, see invisible, speed 1, shaggy fur 3, stealthy
paws, no weapons or thrown items, no armour, multi-lived
a: Renounce Religion, Evoke Blink, Berserk, Trog's Hand, Brothers in Arms


You were on level 4 of the Spider Nest.
You worshipped Trog.
Trog was extremely pleased with you.
You visited 4 branches of the dungeon, and saw 26 of its levels.
You also visited: Ice Cave.

You collected 3283 gold pieces.
You spent 1139 gold pieces at shops.

Inventory:

Jewellery
 a - the ring of Twilight (left paw) {+Blink rPois rC+ Int+3}
   (You found it on level 2 of the Dungeon)

   [ring of poison resistance]

   Int:       It affects your intelligence (+3).
   rC:        It protects you from cold.
   rPois:     It protects you from poison.
   +Blink:    It lets you blink.
 f - an amulet of reflection (around neck)
 g - a +6 ring of strength
 k - a +4 ring of protection
 H - a ring of positive energy
 M - the ring of Law (right paw) {rC++ rN+ rCorr Str-5 Stlth+}
   (You found it in an ice cave)

   [ring of positive energy]

   Str:       It affects your strength (-5).
   rC:        It greatly protects you from cold.
   rN:        It protects you from negative energy.
   rCorr:     It protects you from acid and corrosion.
   Stlth:     It makes you more stealthy.
 N - the ring "Wicereiv" {rF+ Int+3 Stlth+}
   (You found it in an ice cave)

   [ring of protection from fire]

   Int:       It affects your intelligence (+3).
   rF:        It protects you from fire.
   Stlth:     It makes you more stealthy.
Wands
 p - a wand of light (17)
 s - a wand of flame (20)
 u - a wand of roots (33)
 x - a wand of digging (2)
 B - a wand of polymorph (2)
 J - a wand of charming (14)
Scrolls
 o - 15 scrolls of identify
 q - 6 scrolls of teleportation
 r - 2 scrolls of butterflies
 v - 2 scrolls of fog
 y - 4 scrolls of blinking
 A - a scroll of magic mapping
 C - 3 scrolls of fear
 E - 2 scrolls of silence
 F - 3 scrolls of poison
 I - a scroll of immolation
Potions
 b - 8 potions of curing
 c - 7 potions of might
 d - 8 potions of mutation
 e - 9 potions of flight
 h - 3 potions of ambrosia
 i - 6 potions of heal wounds
 j - 6 potions of lignification
 l - a potion of invisibility
 m - 3 potions of attraction
 t - 5 potions of haste
 w - 2 potions of resistance
 D - a potion of magic
 L - a potion of berserk rage
Miscellaneous
 z - a piece from Xom's chessboard (15/15)
 K - a tin of tremorstones (2/2)


   Skills:
 + Level 13.3 Fighting
 - Level 18.0 Dodging
 + Level 19.1 Stealth
 + Level 17.1 Unarmed Combat
 - Level 18.0 Evocations


You had 13 spell levels left.
You didn't know any spells.
Your spell library was empty.

Dungeon Overview and Level Annotations

Branches:
Dungeon (15/15)            Temple (0/1) D:4            Lair (5/5) D:11
  Swamp (0/4) Lair:3       Spider (4/4) Lair:3        Slime (0/5) Lair:4
    Orc (2/2) D:12            Elf (0/3) Orc:2        Vaults (0/5) D:14
 Depths (0/4) D:15          IceCv (visited)

Altars:
Fedhas
Makhleb
Nemelex Xobeh
Uskayaw
Vehumet
Jiyva

Shops:
D:3 !   D:6 *   D:7 !   D:12 *   Orc:2 *[:(

Annotations:
Lair:1 exclusion: 2 oklob plants


Innate Abilities, Weirdness & Mutations

You have sharp claws.
You have razor-sharp teeth.
You have supernaturally acute eyesight. (SInv)
You cover ground quickly. (Speed+)
Your thick and shaggy fur keeps you warm. (AC +3, rC+)
Your paws help you pounce on unaware monsters.
You are incapable of wielding weapons or throwing items.
You cannot wear armour.
You gain extra lives every three experience levels.


Message History

You scratch the demonic crawler. Your claw misses the demonic crawler.
The demonic crawler is moderately wounded.
The demonic crawler completely misses you. x2
The demonic crawler hits you.
You scratch the demonic crawler but do no damage.
The demonic crawler is moderately wounded.
The demonic crawler completely misses you.
The demonic crawler hits you.
The demonic crawler completely misses you.
You claw the demonic crawler!
The demonic crawler is moderately wounded.
The demonic crawler completely misses you. x2
The demonic crawler closely misses you.
You scratch the demonic crawler but do no damage.
The demonic crawler is moderately wounded.
The demonic crawler completely misses you. x2
The demonic crawler misses you.
You scratch the demonic crawler but do no damage.
You bite the demonic crawler, but do no damage.
The demonic crawler is lightly wounded.
You claw the demonic crawler!
The demonic crawler is moderately wounded.
The demonic crawler misses you. The demonic crawler hits you!
The demonic crawler closely misses you.
A red film seems to cover your vision as you go berserk!
You feel yourself moving faster!
You feel mighty!
The demonic crawler completely misses you.
The demonic crawler hits you. The demonic crawler hits you!
* * * LOW HITPOINT WARNING * * *
The demonic crawler barely misses you. x2
The demonic crawler completely misses you.
You mangle the demonic crawler!!
The demonic crawler is moderately wounded.
You claw the demonic crawler!
The demonic crawler is heavily wounded.
The demonic crawler hits you!
* * * LOW HITPOINT WARNING * * *
The demonic crawler completely misses you.
The demonic crawler hits you.
You die...

###### #####.##.## .
##^##..#^..##...#
#..^..##.@s.....#
#.......^......[.
####................
##.###...............
#....#...............
##....#......^#.......
#.......^.....###^....
####...#.....## #.#..
#####...###.#### ##


You could see a demonic crawler.

Vanquished Creatures
  Rupert (Spider:1)
  Agnes (D:15)
  Kirke (D:14)
  2 azure jellies (IceCv)
  An emperor scorpion (Spider:2)
  3 ghost moths
  An orc warlord (Orc:2)
  A quicksilver ooze (IceCv)
  Louise (D:15)
  A spark wasp (Spider:1)
  Snorg (Lair:3)
  A fire dragon (D:15)
  Josephine (D:15)
  4 entropy weavers
  An ice dragon (D:15)
  A jorogumo (Spider:1)
  An ogre mage (D:14)
  4 hydras
  2 catoblepae
  6 centaur warriors
  8 two-headed ogres
  2 radroaches (Spider:1)
  7 boulder beetles
  3 death yaks
  2 tengu warriors (D:15)
  Sonja (Lair:5)
  4 orc high priests
  Urug (Lair:3)
  A sun moth (Spider:2)
  3 pharaoh ants
  5 skeletal warriors
  A goliath frog (Lair:5)
  2 skysharks (Lair:5)
  5 orb spiders
  5 steelbarb worms
  4 bog bodies (Lair:3)
  A wizard (D:15)
  Pikel (D:5)
  A necromancer (Lair:3)
  2 deep elf pyromancers
  4 orc sorcerers
  2 orc knights (Orc:2)
  2 cyclopes
  12 wolf spiders
  4 moths of wrath
  3 manticores
  13 ugly things
  4 black mambas
  8 elephants
  2 torpor snails
  11 demonic crawlers
  2 ice statues (IceCv)
  4 centaur skeletons (D:14)
  2 kobold demonologists
  31 cane toads
  An unseen horror (D:12)
  4 komodo dragons
  A freezing wraith (D:14)
  A rime drake (Lair:5)
  4 yaktaurs (D:14)
  3 tengu conjurers
  2 trolls (Orc:1)
  6 meliai
  7 hornets (D:15)
  5 polar bears
  5 dream sheep
  Grinder (D:5)
  21 tarantellas
  28 blink frogs
  2 tyrant leeches (Lair:5)
  Sigmund (D:6)
  14 slime creatures (IceCv)
  14 jumping spiders
  2 shadows (D:11)
  9 culicivoras
  3 basilisks
  7 wraiths
  Grum (D:8)
  A hog (D:14)
  3 water elementals (D:13)
  41 yaks
  A wyvern (Lair:4)
  33 redbacks
  2 steam dragons (D:8)
  3 vampire mosquitoes (Lair:5)
  7 wargs
  Menkaure (D:7)
  A swamp worm (Lair:3)
  An acid dragon (D:11)
  16 water moccasins
  A sky beast (D:6)
  4 great orb of eyes simulacra (IceCv)
  7 black bears
  39 orc warriors
  12 ogres
  37 wolves
  17 centaurs
  A slime creature simulacrum (IceCv)
  3 kobold brigands
  18 bullfrogs
  A gnoll sergeant (D:10)
  A cane toad simulacrum (Orc:1)
  2 glowing shapeshifter simulacra (IceCv)
  4 two-headed ogre simulacra (Orc:1)
  3 scorpions
  3 wights (D:8)
  4 killer bees
  A howler monkey (D:11)
  3 electric eels
  A jelly (D:6)
  2 hounds
  30 orc priests
  Jessica (D:2)
  21 orc wizards
  5 iguanas
  4 polar bear simulacra (Lair:3)
  3 yak simulacra (Lair:3)
  3 shapeshifter simulacra (IceCv)
  2 spriggan simulacra (Orc:1)
  A wolf simulacrum (Lair:3)
  10 adders
  9 gnolls
  A naga simulacrum (Orc:1)
  A shadow imp (D:8)
  5 white imps
  An ufetubus (D:5)
  2 worms
  2 dart slugs (D:1)
  114 orcs
  5 ball pythons
  6 endoplasms
  A giant cockroach (D:1)
  13 hobgoblins
  4 quokkas
  6 bats (D:1)
  4 frilled lizards
  7 goblins
  20 kobolds
  3 rats
  3 river rat simulacra (Lair:3)
901 creatures vanquished.

Vanquished Creatures (collateral kills)
  A boulder beetle (Spider:1)
  A pharaoh ant (Spider:1)
  2 steelbarb worms
  An orc knight (Orc:2)
  An orc sorcerer (Orc:2)
  6 demonic crawlers (Spider:3)
  A cane toad (Lair:5)
  4 tarantellas
  2 blink frogs (Lair:5)
  2 jumping spiders (Spider:1)
  2 redbacks (Spider:2)
  2 vampire mosquitoes (Lair:5)
  An orc warrior (Orc:2)
  4 wolves (Lair:5)
  2 orc priests (Orc:2)
32 creatures vanquished.

Vanquished Creatures (others)
  A tengu conjurer (D:14)
  4 humans (D:14)
  An adder (D:6)
  40 fungi
  124 plants
170 creatures vanquished.

Grand Total: 1103 creatures vanquished

Notes
Turn   | Place    | Note
-------+----------+-------------------------------------------
     0 | D:1      | MisterFreud the Felid Berserker began the quest for the
                  | Orb.
     0 | D:1      | Reached XP level 1. HP: 10/10 MP: 2/2
   110 | D:1      | Reached skill level 1 in Stealth
   169 | D:1      | Reached XP level 2. HP: 14/14 MP: 3/3
   345 | D:1      | Reached skill level 2 in Stealth
   653 | D:1      | Reached XP level 3. HP: 16/17 MP: 4/4
  1081 | D:2      | Found a radiant altar of Vehumet.
  1085 | D:2      | Identified the ring of Twilight {+Blink rPois rC+ Int+3}
  1122 | D:2      | Reached skill level 3 in Stealth
  1320 | D:2      | Reached ** piety under Trog
  1343 | D:2      | Noticed Jessica
  1353 | D:2      | Killed Jessica
  1354 | D:2      | Reached skill level 4 in Stealth
  1354 | D:2      | Reached XP level 4. HP: 21/21 MP: 5/5
  1712 | D:3      | Found Beemeupe's Distillery.
  1721 | D:3      | Bought a potion of heal wounds for 65 gold pieces
  1721 | D:3      | Bought a potion of lignification for 39 gold pieces
  1721 | D:3      | Bought a potion of curing for 39 gold pieces
  1782 | D:3      | Noticed a +0 spear
  1784 | D:3      | Noticed a +0 falchion
  1784 | D:3      | Noticed a +0 falchion
  1784 | D:3      | Noticed a +0 short sword
  1784 | D:3      | Noticed a +0 spear
  1785 | D:3      | Noticed a +0 dagger
  1785 | D:3      | Noticed a +0 dagger
  1786 | D:3      | Noticed a +0 short sword
  1790 | D:3      | Found a hide-covered altar of Uskayaw.
  2614 | D:4      | Found a staircase to the Ecumenical Temple.
  2651 | D:4      | Found the +5 woodcutter's axe
  2746 | D:4      | Reached XP level 5. HP: 24/24 MP: 6/6
  2800 | D:4      | Reached skill level 5 in Stealth
  2816 | D:4      | Reached skill level 5 in Unarmed Combat
  3333 | D:5      | Entered Level 5 of the Dungeon
  3499 | D:5      | Reached skill level 6 in Stealth
  3499 | D:5      | Gained mutation: You are covered in thick fur. (AC +2)
                  | [Felid growth]
  3499 | D:5      | Reached XP level 6. HP: 28/28 MP: 7/7
  4056 | D:5      | Found a burning altar of Makhleb.
  4141 | D:5      | Reached skill level 5 in Dodging
  4141 | D:5      | Reached XP level 7. HP: 22/31 MP: 8/8
  4482 | D:6      | Noticed Pikel
  4495 | D:5      | Killed Pikel
  4567 | D:6      | Noticed Sigmund
  4630 | D:5      | Reached XP level 8. HP: 34/34 MP: 9/9
  4692 | D:6      | Killed Sigmund
  4693 | D:6      | Reached skill level 10 in Dodging
  4819 | D:6      | Reached skill level 1 in Evocations
  4825 | D:6      | Noticed Grinder
  4944 | D:5      | Killed Grinder
  4945 | D:5      | Reached skill level 5 in Fighting
  5179 | D:6      | Reached *** piety under Trog
  5183 | D:6      | Reached XP level 9. HP: 25/41 MP: 10/10
  5410 | D:6      | Found Jess's CLEARANCE SALE!.
  5419 | D:6      | Bought a wand of mindburst (4) for 16 gold pieces
  5419 | D:6      | Bought a scroll of identify for 6 gold pieces
  5526 | D:7      | Found Jotusol's Distillery.
  5540 | D:7      | Bought a potion of might for 48 gold pieces
  5540 | D:7      | Bought a potion of heal wounds for 60 gold pieces
  5561 | D:7      | Noticed Menkaure
  5568 | D:7      | Killed Menkaure
  5569 | D:7      | Reached skill level 5 in Evocations
  5911 | D:7      | Found a blossoming altar of Fedhas.
  6293 | D:8      | Reached skill level 7 in Stealth
  6836 | D:8      | Reached skill level 8 in Stealth
  7089 | D:8      | Noticed Grum
  7107 | D:8      | Killed Grum
  7246 | D:8      | Reached XP level 10. HP: 40/42 MP: 11/11
  7339 | D:8      | Reached skill level 9 in Stealth
  8077 | D:10     | Entered Level 10 of the Dungeon
  8489 | D:10     | Reached skill level 10 in Stealth
  8629 | D:10     | Reached **** piety under Trog
  8797 | D:10     | Noticed a rust devil
  9116 | D:11     | Noticed a two-headed ogre
  9132 | D:11     | Killed a two-headed ogre
  9172 | D:11     | Noticed a two-headed ogre
  9181 | D:11     | Killed a two-headed ogre
  9214 | D:11     | Reached XP level 11. HP: 48/48 MP: 12/12
  9237 | D:11     | Found a staircase to the Lair.
  9436 | D:11     | Reached skill level 10 in Unarmed Combat
  9553 | D:11     | Noticed a red ugly thing
  9560 | D:11     | Killed a red ugly thing
 10055 | D:12     | Noticed a boulder beetle
 10061 | D:12     | Killed a boulder beetle
 10063 | D:12     | Found Juysymi's Changing Room.
 10094 | D:12     | Bought a wand of polymorph (2) for 28 gold pieces
 10096 | D:12     | Noticed a two-headed ogre
 10099 | D:12     | Noticed a two-headed ogre
 10110 | D:12     | Killed a two-headed ogre
 10114 | D:12     | Killed a two-headed ogre
 10207 | D:12     | Found a sparkling altar of Nemelex Xobeh.
 10310 | D:12     | Found a staircase to the Orcish Mines.
 10336 | D:12     | Slain by an orc warrior
 10337 | D:12     | Reached XP level 10. HP: -1/72 MP: 11/11
 10379 | D:12     | Noticed a manticore
 10398 | D:12     | Killed a manticore
 10415 | D:12     | Noticed a two-headed ogre
 10426 | D:12     | Killed a two-headed ogre
 10986 | D:13     | Noticed a manticore
 10991 | D:13     | Noticed a two-headed ogre
 10998 | D:13     | Killed a manticore
 10999 | D:13     | Reached XP level 11. HP: 30/53 MP: 12/12
 11086 | D:13     | Noticed a centaur warrior
 11093 | D:13     | Killed a two-headed ogre
 11102 | D:13     | Killed a centaur warrior
 11156 | Lair:1   | Entered Level 1 of the Lair of Beasts
 11252 | Lair:1   | Reached skill level 10 in Fighting
 11750 | Lair:1   | Found a blossoming altar of Fedhas.
 11753 | Lair:1   | Noticed an oklob plant
 11754 | Lair:1   | Noticed an oklob plant
 12724 | Lair:2   | Reached skill level 11 in Stealth
 12724 | Lair:2   | Gained mutation: Your thick and shaggy fur keeps you warm.
                  | (AC +3, rC+) [Felid growth]
 12724 | Lair:2   | Reached XP level 12. HP: 53/58 MP: 13/13
 13099 | Lair:2   | Reached skill level 12 in Stealth
 13114 | Lair:2   | Reached ***** piety under Trog
 13432 | Lair:2   | Noticed a four-headed hydra
 13623 | Lair:2   | Noticed a boulder beetle
 13634 | Lair:2   | Killed a boulder beetle
 13863 | Lair:3   | Noticed Snorg
 13866 | Lair:3   | Killed Snorg
 13867 | Lair:3   | Reached skill level 13 in Stealth
 13872 | Lair:3   | Noticed Urug
 13884 | Lair:3   | Killed Urug
 13962 | Lair:3   | Found a staircase to the Swamp.
 14051 | Lair:3   | Noticed a death yak
 14054 | Lair:3   | Noticed a death yak
 14055 | Lair:3   | Noticed a death yak
 14113 | Lair:3   | Noticed a catoblepas
 14163 | Lair:2   | Killed a four-headed hydra
 14164 | Lair:2   | Reached skill level 14 in Stealth
 14573 | Lair:3   | Killed a catoblepas
 14693 | Lair:3   | Killed a death yak
 14694 | Lair:3   | Reached XP level 13. HP: 60/61 MP: 14/14
 14802 | Lair:3   | Found a hole to the Spider Nest.
 15497 | Lair:3   | Reached skill level 15 in Stealth
 16310 | Lair:4   | Reached skill level 15 in Unarmed Combat
 16338 | Lair:4   | Identified a scroll of acquirement
 16339 | Lair:4   | Acquired a manual of Evocations
 16370 | Lair:4   | Found a staircase to the Slime Pits.
 16372 | Lair:4   | Found a viscous altar of Jiyva.
 17191 | Lair:5   | Entered Level 5 of the Lair of Beasts
 17298 | Lair:4   | Reached skill level 10 in Evocations
 17393 | Lair:5   | Reached skill level 15 in Dodging
 17977 | Lair:5   | Reached XP level 14. HP: 20/66 MP: 15/15
 18160 | Lair:5   | Noticed Sonja
 18176 | Lair:5   | Killed Sonja
 18388 | Lair:5   | HP: 3/66 [tyrant leech (30)]
 18391 | Lair:5   | Demolished by a dream sheep
 18392 | Lair:5   | Reached XP level 13. HP: -17/61 MP: 14/14
 20240 | D:14     | Noticed Kirke
 20278 | D:14     | Killed Kirke
 20573 | D:14     | Reached skill level 15 in Evocations
 20865 | D:14     | Reached XP level 14. HP: 66/66 MP: 15/15
 20988 | D:14     | Reached ****** piety under Trog
 21283 | D:14     | Found a gate to the Vaults.
 21533 | D:15     | Entered Level 15 of the Dungeon
 21986 | D:15     | Noticed Louise
 21993 | D:15     | Killed Louise
 22021 | D:15     | Found a staircase to the Depths.
 22224 | D:15     | Noticed Josephine
 22250 | D:15     | Killed Josephine
 22925 | D:15     | Noticed Agnes
 22940 | D:15     | Killed Agnes
 23360 | Orc:1    | Entered Level 1 of the Orcish Mines
 23546 | Orc:1    | HP: 3/66 [orc sorcerer/bolt of fire (20)]
 23788 | Orc:1    | Found a frozen archway.
 23816 | IceCv    | Entered an ice cave
 23892 | IceCv    | Noticed a quicksilver ooze
 23904 | IceCv    | Killed a quicksilver ooze
 23981 | IceCv    | Identified the ring of Law {rC++ rN+ rCorr Str-5 Stlth+}
 24695 | IceCv    | Found a viscous altar of Jiyva.
 24695 | IceCv    | Noticed an azure jelly
 24705 | IceCv    | Killed an azure jelly
 24742 | IceCv    | Noticed an azure jelly
 24749 | IceCv    | Killed an azure jelly
 24750 | IceCv    | Reached skill level 16 in Stealth
 24750 | IceCv    | Reached XP level 15. HP: 70/70 MP: 16/16
 24756 | IceCv    | Identified the ring "Wicereiv" {rF+ Int+3 Stlth+}
 25302 | Orc:2    | Entered Level 2 of the Orcish Mines
 26098 | Orc:2    | HP: 1/70 [orc knight/+1 great mace of protection (24)]
 26756 | Orc:2    | Found Baqygugh's Antique Armour Shoppe.
 26757 | Orc:2    | Found Quittu's Antique Weapon Emporium.
 26758 | Orc:2    | Found Himeo's General Store.
 26758 | Orc:2    | Found Rusarph's Book Shoppe.
 26762 | Orc:2    | Bought a scroll of teleportation for 48 gold pieces
 26762 | Orc:2    | Bought a potion of haste for 160 gold pieces
 26762 | Orc:2    | Bought a potion of haste for 160 gold pieces
 26762 | Orc:2    | Bought a wand of light (7) for 470 gold pieces
 26932 | Orc:2    | Found a staircase to the Elven Halls.
 27375 | Spider:1 | Entered Level 1 of the Spider Nest
 27604 | Spider:1 | Noticed Rupert
 27625 | Spider:1 | Killed Rupert
 27626 | Spider:1 | Reached skill level 17 in Stealth
 29431 | Spider:2 | Noticed an emperor scorpion
 29457 | Spider:1 | Reached skill level 18 in Stealth
 29739 | Spider:2 | HP: 3/73 [redback (13)]
 29798 | Spider:2 | Reached XP level 16. HP: 68/77 MP: 17/17
 29910 | Spider:2 | HP: 5/115 [poisoned by an emperor scorpion]
 29912 | Spider:2 | HP: 2/77 [poisoned by an emperor scorpion]
 29914 | Spider:2 | Mangled by a jumping spider
 29915 | Spider:2 | Reached XP level 15. HP: -10/73 MP: 16/16
 31224 | Spider:3 | Slain by a demonic crawler
 31225 | Spider:3 | Reached XP level 14. HP: 0/103 MP: 15/15
 31420 | Spider:3 | Noticed a ghost moth
 31427 | Spider:3 | Killed a ghost moth
 32352 | Spider:3 | Identified the +0 plate armour "Nuede" {Dex+5}
 32423 | Spider:4 | Entered Level 4 of the Spider Nest
 32434 | Spider:4 | Reached skill level 19 in Stealth
 33032 | Spider:4 | HP: 5/105 [demonic crawler (16)]
 33032 | Spider:4 | Slain by a demonic crawler

Illustrated notes

Levels and vault maps discovered:
D:1:      minmay_arrival_diagonal_passages, layout_loops_corners,
          serial_bayou_pond_b, nicolae_concentric_dashed_squares_wild,
          st_stairs_14
D:2:      layout_basic, basic_altar, uniq_jessica
D:3:      layout_basic, nicolae_uskayaw_en_pointe, serial_glass,
          glass_columns_a, glass_columns_b, serial_shops, nicolae_square_shop
D:4:      kb_forest_paths, layout_gridville,
          minmay_temple_entry_enclosed_plants, minmay_pentangle
D:5:      layout_loops_ring, lightli_temple_of_fire,
          hangedman_abyss_or_decor_stagger, kennysheep_generic_room_2
D:6:      layout_rooms, nicolae_shop_clearance, uniq_sigmund, uniq_grinder,
          uniq_pikel
D:7:      layout_loops_ring, fedhas_ov_isle_minmay, serial_shops, shop,
          nicolae_figureground_pulse, uniq_menkaure
D:8:      layout_loops_ring, special_room [special_room_orc], uniq_grum
D:9:      layout_roguey, chequers_serial_rivers_room_b
D:10:     layout_gridville
D:11:     layout_irregular_city, erik_lair_orcish_takeover
D:12:     layout_rooms, david_orc_5, nicolae_transmutations_shop,
          nemelex_lonely_heart_becter
D:13:     layout_basic
D:14:     layout_rooms, hangedman_vaults_entry_quadrant_bands, serial_glass,
          glass_columns_a, glass_columns_b,
          nicolae_concentric_dashed_squares_mild, uniq_kirke
D:15:     grunt_enter_depths_hoard, layout_layer_cave, dreamdust_wasp_nest,
          uniq_josephine, uniq_louise, uniq_agnes
Lair:1:   layout_big_grid, hangedman_tree_tricks, beast_lair_carwin_4,
          grunt_megastairs_1
Lair:2:   layout_long_grid
Lair:3:   layout_gridlike, nicolae_swamp_entry_splash_gauntlet,
          spider_nest_entry_webs, eino_house_with_fridge,
          infiniplex_staircase_pool_2, uniq_snorg, uniq_urug
Lair:4:   minmay_lair_venomous_thicket, layout_cave_shapes, slime_entry_1,
          grunt_forest_large_clearings, lemuel_fruit_tree,
          infiniplex_staircase_pool
Lair:5:   minmay_lair_end_frog_pond, layout_gridlike, gammafunk_lair_bear_cave,
          uniq_sonja
Spider:1: layout_spider_delve, drop_trap, nicolae_spider_bug_shape, uniq_rupert
Spider:2: layout_spider_delve
Spider:3: layout_spider_delve, worms_lemuel
Spider:4: johnstein_spider_rune_arachne_lair
Orc:1:    layout_diamond_mine, portal_ice_cave_entry_ice_simulacra
Orc:2:    st_orc_congregation, layout_diamond_mine, abandoned_shop

Skill      XL: |  1  2  3  4  5  6  7  8  9 10 11 12 13 14 15 |
---------------+----------------------------------------------+-----
Stealth        | 1 2 4 6 8 10 11 14 15 19 18 | 19.1
Unarmed Combat | 4 5 6 7 9 12 13 15 17 16 | 17.1
Dodging        | 5 9 10 11 13 14 18 17 | 18.0
Fighting       | 5 6 9 10 13 12 | 13.3
Evocations     | 4 5 8 7 15 18 | 18.0

Action                     |  1- 3 |  4- 6 |  7- 9 | 10-12 | 13-15 | 16-18 || total
---------------------------+-------+-------+-------+-------+-------+-------++-------
  Melee: Unarmed           |   100 |   108 |   246 |   869 |  2243 |    46 ||  3612
         Bite              |     3 |     9 |    29 |   105 |   366 |    10 ||   522
         Punch             |     2 |     4 |     8 |    70 |   266 |     8 ||   358
 Invoke: Berserk           |     3 |     5 |    12 |    21 |    47 |     1 ||    89
         Trog's Hand       |       |       |     2 |     8 |    18 |       ||    28
         Brothers in Arms  |       |       |       |       |     8 |       ||     8
Ability: Evoke Blink       |       |       |       |     2 |     1 |       ||     3
  Evoke: Wand              |       |       |       |     3 |    18 |       ||    21
    Use: Scroll            |     3 |     8 |    13 |     1 |     6 |     1 ||    32
         Potion            |       |       |       |       |     9 |     1 ||    10
   Stab: Sleeping          |     6 |    17 |     7 |    26 |    63 |       ||   119
         Distracted        |     1 |       |     1 |     4 |    14 |       ||    20
 Armour: Skin              |     4 |     8 |    15 |    44 |   101 |     3 ||   175
  Dodge: Dodged            |    85 |    46 |   218 |   900 |  2468 |    78 ||  3795
  Block: Other             |     1 |    13 |    54 |   202 |   424 |    11 ||   705
         Reflection        |       |       |    11 |     8 |    13 |       ||    32
